 Dungeon Crawl Stone Soup version 0.29.1-15-g9cfb28693d (webtiles) character file.

Game seed: 12009148530732619909

5 H0rd4k the Charlatan (level 1, -1/15 HPs)
             Began as a Human Artificer on May 3, 2023.
             Frozen to death by an endoplasm (4 damage)
             ... on level 1 of the Dungeon.
             The game lasted 00:00:12 (417 turns).

H0rd4k the Charlatan (Human Artificer)               Turns: 417, Time: 00:00:12

Health: -1/15      AC:  3    Str: 12    XL:     1   Next: 88%
Magic:  1/1        EV: 11    Int: 11    God:
Gold:   10         SH:  0    Dex: 13    Spells: 0/0 levels left

rFire   . . .      SeeInvis .   a - +0 club
rCold   . . .      Faith    .   (no shield)
rNeg    . . .      Spirit   .   b - +0 leather armour
rPois   .          Reflect  .   (no helmet)
rElec   .          Harm     .   (no cloak)
rCorr   .          Rampage  .   (no gloves)
Will    .....                   (no boots)
Stlth   +.........              (no amulet)
HPRegen 0.05/turn               (no ring)
MPRegen 0.07/turn               (no ring)

@: no status effects
A: no striking features
a: no special abilities


You were on level 1 of the Dungeon.
You visited 1 branch of the dungeon, and saw 1 of its levels.

You collected 10 gold pieces.

Inventory:

Hand Weapons
 a - a +0 club (weapon)
Armour
 b - a +0 leather armour (worn)
Wands
 c - a wand of flame (15) (quivered)
 d - a wand of charming (15)
 e - a wand of iceblast (5)


   Skills:
 + Level 1.0 Fighting
 - Level 2.0 Armour
 + Level 1.0 Dodging
 + Level 1.0 Stealth
 + Level 3.4 Evocations


You couldn't memorise any spells.
You didn't know any spells.
Your spell library was empty.

Dungeon Overview and Level Annotations

Branches:
Dungeon (1/15)

Altars:


Message History

A hobgoblin comes into view.
The endoplasm quivers.
The hobgoblin throws a stone.
The stone barely misses you. The goblin hits you with a +0 dagger.
You barely miss the goblin. The goblin barely misses you.
The goblin hits you but does no damage.
You hit the goblin.
The goblin is severely wounded.
The endoplasm closely misses you. The goblin hits you with a +0 dagger.
A hobgoblin comes into view.
You barely miss the goblin.
The goblin is severely wounded.
The hobgoblin shouts!
The endoplasm completely misses you. The goblin hits you with a +0 dagger.
You closely miss the goblin.
The goblin is severely wounded.
The endoplasm hits you but does no damage.
The goblin hits you with a +0 dagger.
You miss the goblin.
The goblin is severely wounded.
The endoplasm completely misses you. The goblin barely misses you.
The hobgoblin misses you. The endoplasm barely misses you.
The hobgoblin hits you. The goblin hits you but does no damage.
The hobgoblin attacks as you move away!
The hobgoblin hits you but does no damage.
The goblin attacks as you move away! The goblin hits you but does no damage.
The endoplasm attacks as you move away! The endoplasm closely misses you.
You barely miss the endoplasm.
The endoplasm hits you but does no damage.
You completely miss the endoplasm. The endoplasm freezes you.
You are frozen.
* * * LOW HITPOINT WARNING * * *
You hit the endoplasm but do no damage.
The endoplasm hits you but does no damage. x2
You hit the endoplasm.
The endoplasm is severely wounded.
The endoplasm freezes you.
You are frozen.
You die...

#........# #.......# ########
#.......##
##......###........##
##........##.........#
#........>...g##.###.#
#.........g.gg##.###.###
#..........##J##.......######
#......g...##@###......##...#
#..........##+# #......†....#
##.......?..# #........†....#
#...#########+###########...#
... ............# #...# #.
##########.#.# #...# .
#.......#.##.# #...#
#.###'###.#.#.# #...#
#.....#.#.#.# #...#


You could see an endoplasm, 2 hobgoblins and a goblin.

Vanquished Creatures
  A ball python (D:1)
  An endoplasm (D:1)
  A hobgoblin (D:1)
  2 frilled lizards (D:1)
5 creatures vanquished.

Notes
Turn   | Place    | Note
-------+----------+-------------------------------------------
     0 | D:1      | H0rd4k the Human Artificer began the quest for the Orb.
     0 | D:1      | Reached XP level 1. HP: 15/15 MP: 1/1
   417 | D:1      | Frozen to death by an endoplasm

Illustrated notes

Levels and vault maps discovered:
D:1:      matt_arrival_los_fun, layout_rooms,
          shapermc_ecumenical_altar_mp_ritualfount, serial_shops, shop

Action                   || total
-------------------------++-------
Melee: Club              ||    28
Armor: Leather armour    ||    15
Dodge: Dodged            ||    24
